 Dungeon Crawl Stone Soup version 0.23.0 (webtiles) character file.

Game seed: 18283092716920149492

486 Borgoz the Cudgeler (level 7, -4/44 HPs)
             Began as a Gargoyle Gladiator on Feb 9, 2019.
             Slain by an ogre
             ... wielding a +0 giant club
              (15 damage)
             ... on level 4 of the Dungeon.
             The game lasted 00:04:24 (3015 turns).

Borgoz the Cudgeler (Gargoyle Gladiator)            Turns: 3015, Time: 00:04:24

Health: -4/44      AC: 12    Str: 17    XL:     7   Next: 13%
Magic:  7/7        EV: 11    Int:  9    God:
Gold:   179        SH:  0    Dex: 13    Spells: 6/6 levels left

rFire    + . .     SeeInvis .   a - +0 flail
rCold    . . .     Gourm    .   (no shield)
rNeg     + . .     Faith    .   o - +0 scale mail
rPois    ∞         Spirit   .   c - +0 helmet
rElec    +         Reflect  .   (no cloak)
rCorr    .         Harm     .   (no gloves)
MR       .....                  (no boots)
Stlth    ..........             (no amulet)
HPRegen  0.14/turn              j - ring of protection from fire
MPRegen  0.10/turn              (no ring)

@: no status effects
A: negative energy resistance 1, electricity resistance, unbreathing,
petrification resistance, rot immunity, AC +4
a: no special abilities


You were on level 4 of the Dungeon.
You were not hungry.

You visited 1 branch of the dungeon, and saw 4 of its levels.

You collected 179 gold pieces.

Inventory:

Hand Weapons
 a - a +0 flail (weapon)
Missiles
 d - 3 throwing nets (quivered)
 e - 8 poisoned needles
Armour
 c - a +0 helmet (worn)
 o - a +0 scale mail (worn)
Jewellery
 j - a ring of protection from fire (left hand)
 w - an uncursed amulet of regeneration {unknown}
Scrolls
 h - a scroll of magic mapping {unknown}
 i - a scroll of noise {unknown}
 k - 7 scrolls of identify {unknown}
 l - a scroll of fear {unknown}
 m - a scroll of enchant weapon {unknown}
 n - 3 scrolls of fog {unknown}
 p - a scroll of remove curse {unknown}
 q - a scroll of enchant armour {unknown}
 r - a scroll of immolation {unknown}
 t - a scroll of amnesia {unknown}
 u - a scroll of blinking {unknown}
 v - 3 scrolls of teleportation {unknown}
Potions
 g - a potion of agility {unknown}
 s - a potion of heal wounds {unknown}
Comestibles
 b - 2 chunks of flesh
 f - 3 rations


   Skills:
 + Level 4.4 Fighting
 + Level 4.6 Maces & Flails
 - Level 1.7 Throwing
 + Level 3.6 Armour
 + Level 3.8 Dodging


You had 6 spell levels left.
You didn't know any spells.
Your spell library was empty.

Dungeon Overview and Level Annotations

Branches:
Dungeon (4/15)
 Temple: D:4-7

Altars:
The Shining One


Innate Abilities, Weirdness & Mutations

You are resistant to torment.
Your stone body is resilient. (AC +4)
You are immune to poison.
You resist negative energy. (rN+)
You are resistant to electric shocks. (rElec)
You can survive without breathing.
You are immune to petrification.
You are immune to rotting.


Message History

The quokka closely misses you.
The quokka bites you but does no damage.
You hit the quokka.
The quokka is almost dead.
The quokka closely misses you.
You hit the quokka but do no damage.
The quokka is almost dead.
The quokka barely misses you.
You closely miss the quokka.
The quokka is almost dead.
The quokka misses you. The ogre hits you with a +0 giant club!
The quokka bites you but does no damage.
You hit the quokka.
You kill the quokka!
The ogre hits you with a +0 giant club!
* * * LOW HITPOINT WARNING * * *
You thump the ogre!
The ogre is moderately wounded.
The ogre hits you with a +0 giant club!
You die...

##.......#.#.##### ..
#........###...##< ..#
##.........#...#..
#...###.......#.........
#...#......#.###....#...
.......#......##....##..
#....##.....##.....###
###...#............
#..O@.........##.#
#....#......#..###
#...##.....##... .....#
##....... . .#...
#....... #.. ...##.###
#. .... ## #. ....


You could see an ogre.

Vanquished Creatures
  Sigmund (D:2)
  A sky beast (D:4)
  A hound (D:3)
  Ijyb (D:3)
  3 worker ants
  Robin (D:2)
  An adder (D:3)
  2 worms
  A dart slug (D:1)
  2 leopard geckos (D:1)
  3 orcs (D:3)
  3 giant cockroaches
  18 goblins
  5 hobgoblins
  2 jackals (D:2)
  6 kobolds
  2 quokkas
  5 bats
  4 frilled lizards
  7 rats
69 creatures vanquished.

Vanquished Creatures (others)
  An adder (D:2)
1 creature vanquished.

Grand Total: 70 creatures vanquished

Notes
Turn   | Place    | Note
-------+----------+-------------------------------------------
     0 | D:1      | Borgoz the Gargoyle Gladiator began the quest for the Orb.
     0 | D:1      | Reached XP level 1. HP: 12/12 MP: 1/1
   158 | D:1      | Reached XP level 2. HP: 18/18 MP: 2/2
   280 | D:1      | Reached skill level 1 in Armour
   518 | D:1      | Reached XP level 3. HP: 19/22 MP: 3/3
  1097 | D:2      | Reached XP level 4. HP: 23/27 MP: 4/4
  1168 | D:2      | Noticed Sigmund
  1227 | D:2      | Killed Sigmund
  1227 | D:2      | Reached XP level 5. HP: 4/33 MP: 5/5
  1227 | D:2      | Reached XP level 6. HP: 5/38 MP: 6/6
  1580 | D:2      | Noticed Robin
  1695 | D:2      | Killed Robin
  2235 | D:3      | Noticed Ijyb
  2263 | D:3      | Killed Ijyb
  2856 | D:3      | Found a glowing golden altar of the Shining One.
  2939 | D:4      | Noticed a sky beast
  2963 | D:4      | Killed a sky beast
  2963 | D:4      | Reached XP level 7. HP: 34/44 MP: 7/7
  3015 | D:4      | Slain by an ogre

Skill      XL: |  1  2  3  4  5  6 |
---------------+-------------------+-----
Armour         | 1 2 3 |  3.6
Fighting       | 3 4 |  4.4
Maces & Flails | 4 |  4.6
Dodging        | 3 |  3.8
Throwing       | |  1.7

Action                   |  1- 3 |  4- 6 |  7- 9 || total
-------------------------+-------+-------+-------++-------
Melee: Flail             |    65 |   200 |     5 ||   270
  Use: Potion            |       |     3 |       ||     3
 Stab: Sleeping          |     1 |       |       ||     1
       Invisible         |       |     3 |       ||     3
  Eat: Chunk             |     1 |     6 |       ||     7
Armor: Leather armour    |    33 |    50 |       ||    83
       Skin              |       |    35 |       ||    35
       Scale mail        |       |    36 |     2 ||    38
Dodge: Dodged            |    52 |   144 |     4 ||   200
